 Dungeon Crawl Stone Soup version 0.26.1-2-gb8aa6d0 (webtiles) character file.

Game seed: 479808796814899679

96 Geeful the Sneak (level 4, -1/32 (33) HPs)
             Began as an Octopode Delver on Mar 20, 2021.
             Slain by an orc
             ... wielding a +0 dagger
              (3 damage)
             ... on level 6 of the Dungeon.
             The game lasted 00:03:26 (631 turns).

Geeful the Sneak (Octopode Delver)                   Turns: 631, Time: 00:03:27

HP:   -1/32 (33)    AC:  1    Str: 11    XL:     4   Next: 67%
MP:   6/6           EV: 14    Int: 13    God:
Gold: 16            SH:  0    Dex: 13    Spells: 6/6 levels left

rFire    . . .     SeeInvis .   a - +0 short sword
rCold    . . .     Faith    .   (no shield)
rNeg     . . .     Spirit   .   (helmet restricted)
rPois    .         Reflect  .   (no amulet)
rElec    .         Harm     .   (no ring)
rCorr    .         Rampage  .   (no ring)
Will     .....                  (no ring)
Stlth    +++++.....             (no ring)
HPRegen  0.10/turn              (no ring)
MPRegen  0.10/turn              (no ring)
                                (no ring)
                                (no ring)

@: hasted, lightly drained, very quick
A: almost no armour, stealthy swim, amphibious, 8 rings, constrict 8, camouflage
1, gelatinous body 1
a: no special abilities


You were on level 6 of the Dungeon.
You visited 1 branch of the dungeon, and saw 2 of its levels.
You also visited: Sewer.

You collected 16 gold pieces.

Inventory:

Hand Weapons
 a - a +0 short sword (weapon)
Wands
 f - a wand of digging (2)
Scrolls
 b - a scroll of fog
 d - 3 scrolls of fear
 h - a scroll of magic mapping
Potions
 c - 2 potions of heal wounds {unknown}
 g - a potion of curing {unknown}
 i - a potion of magic {unknown}


   Skills:
 + Level 3.6 Fighting
 - Level 2.0 Short Blades
 + Level 2.9 Dodging
 + Level 7.3 Stealth
 + Level 1.5 Spellcasting


You had 6 spell levels left.
You didn't know any spells.
Your spell library was empty.

Dungeon Overview and Level Annotations

Branches:
Dungeon (6/15)              Sewer (visited)
 Temple: D:4-7

Altars:

Annotations:
D:6 1 transporter, Geeful's ghost, novice OpDe


Innate Abilities, Weirdness & Mutations

You cannot wear most types of armour.
You are very stealthy in the water. (Stealth+)
You are amphibious.
You can wear up to eight rings at the same time.
You can use your tentacles to constrict eight enemies at once.
Your skin changes colour to match your surroundings (Stealth+).
Your rubbery body absorbs attacks. (AC +1, EV +1)


Message History

You feel strangely unstable.
It was a scroll of teleportation.
Your surroundings suddenly seem different.
Floosh!
You see here a ball python corpse.
You see here an adder corpse.
There is a gate leading back out of this place here.
You feel yourself speed up.
Level annotation: 1 transporter, Geeful's ghost, novice OpDe
There is a collapsed entrance here.
There is a large open door here.
The orc closely misses you.
The orc priest calls down the wrath of Beogh upon you.
Beogh smites you! The necrophage hits you!
You feel drained.
The leopard gecko hisses angrily.
The leopard gecko barely misses you.
The orc priest calls down the wrath of Beogh upon you.
Pain shoots through your body!
* * * LOW HITPOINT WARNING * * *
Something unseen opens the door.
The orc hits you with a +0 dagger.
You die...

## *.#* *,,,,,,,* # *.o*
**,,,,,** *#Z# **,,,**
*.# *****
*o#*#####*******
*.o,oo..,,,,,,,**
###########)###,####,,##
..†.........#≈###≈≈##'.#
##########..#≈'≈@o≈≈≈#.##
#..#.n≈ol≈o≈#..#
#..#≈###≈≈##'..#
#..###.####....#
#....o........##
#......o..?(.##
##############


You could see a necrophage, 2 orc priests, an orc and a leopard gecko.

Vanquished Creatures
  An orc priest (D:6)
  A worker ant zombie (D:6)
  3 adders (Sewer)
  A river rat (Sewer)
  A shadow imp (D:6)
  A giant cockroach (D:6)
  A quokka (D:6)
  5 ball pythons (Sewer)
  4 frilled lizards (Sewer)
  3 rats (Sewer)
21 creatures vanquished.

Notes
Turn   | Place    | Note
-------+----------+-------------------------------------------
     0 | D:5      | Geeful the Octopode Delver began the quest for the Orb.
     0 | D:5      | Reached XP level 1. HP: 16/16 MP: 1/1
    13 | D:6      | Found a transporter.
    13 | D:6      | Noticed a necrophage
    14 | D:6      | Noticed a worker ant
    17 | D:6      | Noticed an orc wizard
    23 | D:6      | Noticed Geeful's ghost (novice OpDe)
    23 | D:6      | Noticed a soldier ant
    25 | D:6      | Noticed an orc priest
    40 | D:6      | Reached XP level 2. HP: 15/21 MP: 2/2
    73 | D:6      | Noticed a centaur
   100 | D:6      | Reached skill level 7 in Stealth
   100 | D:6      | Reached skill level 1 in Spellcasting
   100 | D:6      | Reached XP level 3. HP: 9/26 MP: 4/4
   113 | D:6      | Noticed a necrophage
   114 | D:6      | Found a glowing drain.
   123 | Sewer    | Entered a sewer
   326 | Sewer    | Reached XP level 4. HP: 31/31 MP: 5/5
   631 | D:6      | Slain by an orc

Illustrated notes

Levels and vault maps discovered:
D:5:      layout_basic, guppyfry_early_orc_mine
D:6:      layout_rooms, gammafunk_temple_overflow_statue, gup_sewer_entry_bowl,
          gammafunk_ghost_arena, zaba_anthole, uniq_menkaure, uniq_sigmund

Skill      XL: |  1  2 |
---------------+-------+-----
Stealth        | 7 |  7.3
Spellcasting   | 1 |  1.5
Fighting       | |  3.6
Short Blades   | |  2.0
Dodging        | |  2.9

Action                   |  1- 3 |  4- 6 || total
-------------------------+-------+-------++-------
Melee: Short sword       |    16 |    15 ||    31
       Tentacles         |     4 |     1 ||     5
       Constrict         |     4 |     3 ||     7
Evoke: Wand              |     1 |       ||     1
  Use: Scroll            |     1 |     1 ||     2
       Potion            |       |     1 ||     1
 Stab: Sleeping          |     3 |     9 ||    12
Armor: Skin              |     1 |     1 ||     2
Dodge: Dodged            |     5 |     4 ||     9
